 Dungeon Crawl Stone Soup version 0.30-a0-913-g9934a0ce24 (webtiles) character file.

Game seed: 4226504192502115862

660 billz999 the Skirmisher (level 7, -6/56 HPs)
             Began as a Gnoll Hunter on Mar 20, 2023.
             Mangled by a scorpion (7 damage)
             ... on level 5 of the Dungeon.
             The game lasted 00:05:48 (2963 turns).

billz999 the Skirmisher (Gnoll Hunter)              Turns: 2963, Time: 00:05:49

Health: -6/56      AC:  3    Str: 10    XL:     7   Next: 56%
Magic:  11/11      EV: 14    Int: 10    God:
Gold:   177        SH:  0    Dex: 16    Spells: 9/11 levels left

rFire   . . .      SeeInvis .    m - +3 dagger (vamp)
rCold   + . .      Faith    .    (no shield)
rNeg    . . .      Spirit   .    c - +0 leather armour
rPois   .          Reflect  .    (no helmet)
rElec   .          Rampage  .    (no cloak)
rCorr   .                        (no gloves)
Will    .....                    (no boots)
Stlth   ++                       (no amulet)
HPRegen 0.29/turn                o - ring of protection from cold
MPRegen 0.12/turn                (no ring)

@: lethally poisoned (-6 -> -13)
A: fangs 1, strong nose, distributed training
a: no special abilities


You were on level 5 of the Dungeon.
You visited 1 branch of the dungeon, and saw 5 of its levels.

You collected 177 gold pieces.

Inventory:

Hand Weapons
 a - a +0 shortbow
 m - a +3 vampiric dagger (weapon)
Armour
 c - a +0 leather armour (worn)
 l - a +1 pair of gloves
Jewellery
 g - a ring of flight
 o - a ring of protection from cold (left hand)
Scrolls
 b - 2 scrolls of immolation
 e - 2 scrolls of identify
 f - 3 scrolls of teleportation
 h - a scroll of amnesia
 k - a scroll of magic mapping
Potions
 i - a potion of flight {unknown}
 j - a potion of invisibility {unknown}
 p - a potion of mutation {unknown}


   Skills:
 + Level 5.3 Fighting
 + Level 2.6 Short Blades
 + Level 2.6 Long Blades
 + Level 2.6 Axes
 + Level 2.6 Maces & Flails
 + Level 2.6 Polearms
 + Level 2.6 Staves
 + Level 9.0 Ranged Weapons
 + Level 2.6 Throwing
 + Level 2.6 Armour
 + Level 5.3 Dodging
 + Level 3.6 Stealth
 + Level 2.6 Shields
 + Level 2.6 Unarmed Combat
 + Level 2.6 Spellcasting
 + Level 2.1 Conjurations
 + Level 2.1 Hexes
 + Level 2.1 Summonings
 + Level 2.1 Necromancy
 + Level 2.1 Translocations
 + Level 2.1 Transmutations
 + Level 2.1 Fire Magic
 + Level 2.1 Ice Magic
 + Level 2.1 Air Magic
 + Level 2.1 Earth Magic
 + Level 2.1 Poison Magic
 + Level 3.0 Invocations
 + Level 2.6 Evocations


You had 9 spell levels left.
You knew the following spells:

 Your Spells              Type           Power      Damage    Failure   Level
a - Ensorcelled Hibernat  Hex/Ice        10%        N/A       24%         2

Your spell library contained the following spells:

 Spells                   Type           Power      Damage    Failure   Level
 Spider Form              Tmut/Pois      5%         N/A       43%         3
 Anguish                  Hex/Necr       2%         N/A       83%         4
 Borgnjor's Revivificati  Necr           2%         N/A       100%        8
 Necromutation            Tmut/Necr      2%         N/A       100%        8
 Death's Door             Necr           2%         N/A       100%        9


Dungeon Overview and Level Annotations

Branches:
Dungeon (5/15)
 Temple: D:4-7

Altars:

Shops:
D:3 =


Innate Abilities, Weirdness & Mutations

You have very sharp teeth.
Your uncanny sense of smell can sniff out nearby items.
Your experience applies equally to all skills.


Message History

The scorpion is moderately wounded.
You feel sick. The scorpion stings you.
You are more poisoned.
The scorpion poisons you!
You hit the scorpion but do no damage.
The scorpion is moderately wounded.
You feel very sick. The scorpion completely misses you.
You hit the scorpion but do no damage.
The scorpion is moderately wounded.
You feel sick. The scorpion stings you.
You barely miss the scorpion.
The scorpion is moderately wounded.
You feel sick. The scorpion closely misses you.
You hit the scorpion.
You feel better.
You bite the scorpion, but do no damage.
The scorpion is heavily wounded.
You feel very sick. The scorpion stings you!
* * * LOW HITPOINT WARNING * * *
You completely miss the scorpion.
The scorpion is heavily wounded.
You feel sick. The scorpion closely misses you.
You barely miss the scorpion.
The scorpion is heavily wounded.
You feel sick. The scorpion barely misses you. The scorpion stings you.
* * * LOW HITPOINT WARNING * * *
You are lethally poisoned!
The scorpion poisons you!
You hit the scorpion. Your bite misses the scorpion.
The scorpion is heavily wounded.
* * * LOW HITPOINT WARNING * * *
You feel very sick. The scorpion closely misses you.
You hit the scorpion.
You feel better.
The scorpion is severely wounded.
* * * LOW HITPOINT WARNING * * *
You feel very sick. The scorpion stings you!
You die...

.............#...................
.............#...................
.............#...)...............
.............#.....##......##...#
)............'.....##......##...#
.............#...................
########.....###'####............
#............#............
#........@...#......##...#
#........s...#########...#
########............#.......#....
....................#.......#....
....................#.......#....
........#######.....#.......#....
........# #.....#.......#....
..)...:.# #.....#.......#....
........# #.......#....


You could see a scorpion.

Vanquished Creatures
  Sigmund (D:2)
  An ice beast (D:5)
  A phantom (D:5)
  An iguana (D:5)
  5 orc wizards
  3 adders
  8 gnolls
  A white imp (D:5)
  2 ufetubi (D:5)
  3 dart slugs
  5 orcs
  5 endoplasms
  7 goblins
  4 hobgoblins
  2 jackals (D:2)
  6 kobolds
  9 ball pythons
  5 bats
  2 frilled lizards
  5 rats
76 creatures vanquished.

Notes
Turn   | Place    | Note
-------+----------+-------------------------------------------
     0 | D:1      | billz999 the Gnoll Hunter began the quest for the Orb.
     0 | D:1      | Reached XP level 1. HP: 20/20 MP: 1/1
    35 | D:1      | Reached XP level 2. HP: 26/26 MP: 2/2
   180 | D:1      | Reached XP level 3. HP: 30/31 MP: 3/3
   347 | D:2      | Reached skill level 1 in Invocations
   401 | D:2      | Noticed Sigmund
   406 | D:2      | Killed Sigmund
   407 | D:2      | Reached skill level 1 in Short Blades
   407 | D:2      | Reached skill level 1 in Long Blades
   407 | D:2      | Reached skill level 1 in Axes
   407 | D:2      | Reached skill level 1 in Maces & Flails
   407 | D:2      | Reached skill level 1 in Polearms
   407 | D:2      | Reached skill level 1 in Staves
   407 | D:2      | Reached skill level 1 in Throwing
   407 | D:2      | Reached skill level 1 in Armour
   407 | D:2      | Reached skill level 1 in Shields
   407 | D:2      | Reached skill level 1 in Unarmed Combat
   407 | D:2      | Reached skill level 1 in Spellcasting
   407 | D:2      | Reached skill level 1 in Conjurations
   407 | D:2      | Reached skill level 1 in Hexes
   407 | D:2      | Reached skill level 1 in Summonings
   407 | D:2      | Reached skill level 1 in Necromancy
   407 | D:2      | Reached skill level 1 in Translocations
   407 | D:2      | Reached skill level 1 in Transmutations
   407 | D:2      | Reached skill level 1 in Fire Magic
   407 | D:2      | Reached skill level 1 in Ice Magic
   407 | D:2      | Reached skill level 1 in Air Magic
   407 | D:2      | Reached skill level 1 in Earth Magic
   407 | D:2      | Reached skill level 1 in Poison Magic
   407 | D:2      | Reached skill level 1 in Evocations
   407 | D:2      | Reached XP level 4. HP: 38/38 MP: 4/6
   407 | D:2      | Reached XP level 5. HP: 43/43 MP: 4/7
   948 | D:3      | Reached XP level 6. HP: 50/50 MP: 8/8
  1047 | D:3      | Found Plog's Jewellery Shoppe.
  1150 | D:3      | Reached skill level 5 in Fighting
  1150 | D:3      | Reached skill level 5 in Dodging
  1783 | D:3      | Learned a level 2 spell: Ensorcelled Hibernation
  1817 | D:4      | You fall into a shaft and drop 1 floor!
  1817 | D:5      | Entered Level 5 of the Dungeon
  2056 | D:5      | Reached XP level 7. HP: 28/56 MP: 10/10
  2478 | D:5      | Reached skill level 9 in Ranged Weapons
  2512 | D:5      | HP: 1/56 [gnoll/+0 flail (5)]
  2963 | D:5      | HP: 1/56 [poisoned by a scorpion]
  2963 | D:5      | Mangled by a scorpion

Illustrated notes

Levels and vault maps discovered:
D:1:      lightli_arrival_boilingwater, layout_rooms
D:2:      layout_loops_ring, uniq_sigmund
D:3:      layout_rooms, serial_shops, nicolae_shop_hallway_stairs
D:4:      layout_gridville, mainiacjoe_overflow_small_starburst,
          ebering_ghost_disaster_area
D:5:      layout_gridville, minmay_temple_entry_sparse_star

Skill      XL: |  1  2  3  4  5  6  7 |
---------------+----------------------+-----
Invocations    | 1 2 3 |  3.0
Short Blades   | 1 2 |  2.6
Long Blades    | 1 2 |  2.6
Axes           | 1 2 |  2.6
Maces & Flails | 1 2 |  2.6
Polearms       | 1 2 |  2.6
Staves         | 1 2 |  2.6
Throwing       | 1 2 |  2.6
Armour         | 1 2 |  2.6
Shields        | 1 2 |  2.6
Unarmed Combat | 1 2 |  2.6
Spellcasting   | 1 2 |  2.6
Conjurations   | 1 2 |  2.1
Hexes          | 1 2 |  2.1
Summonings     | 1 2 |  2.1
Necromancy     | 1 2 |  2.1
Translocations | 1 2 |  2.1
Transmutations | 1 2 |  2.1
Fire Magic     | 1 2 |  2.1
Ice Magic      | 1 2 |  2.1
Air Magic      | 1 2 |  2.1
Earth Magic    | 1 2 |  2.1
Poison Magic   | 1 2 |  2.1
Evocations     | 1 2 |  2.6
Stealth        | 3 |  3.6
Fighting       | 5 |  5.3
Dodging        | 5 |  5.3
Ranged Weapons | 9 |  9.0

Action                     |  1- 3 |  4- 6 |  7- 9 || total
---------------------------+-------+-------+-------++-------
  Melee: Dagger            |       |    19 |    99 ||   118
         Bite              |       |     4 |    14 ||    18
         Punch             |       |     1 |     6 ||     7
   Fire: Shortbow          |    74 |   132 |    27 ||   233
    Use: Scroll            |       |     3 |     3 ||     6
         Potion            |       |       |     4 ||     4
 Armour: Leather armour    |     6 |    13 |    12 ||    31
  Dodge: Dodged            |    19 |    57 |    75 ||   151

Table legend: (Time is in decaauts)
 A = Elapsed time spent in this place.
 B = Non-inter-level travel time spent in this place.
 C = Inter-level travel time spent in this place.
 D = Time resting spent in this place.
 E = Time spent auto-exploring this place.
 F = Levels seen in this place.
 G = Mean time per level.
                   A        B        C        D        E       F      G
               +--------+--------+--------+--------+--------+-----+--------+
         Total |   2968 |   2932 |     36 |      7 |   2381 |   5 |  593.6 |
       Dungeon |   2968 |   2932 |     36 |      7 |   2381 |   5 |  593.6 |
               +--------+--------+--------+--------+--------+-----+--------+

Top non-repeatable levels by time:
     D:5: 1132 daAuts
     D:3: 895 daAuts
     D:2: 606 daAuts
     D:1: 321 daAuts
     D:4: 10 daAuts
